 Dungeon Crawl Stone Soup version 0.28.0 (webtiles) character file.

Game seed: 11550038468412435246

161 PoweredByGinger the Chopper (level 5, -2/38 HPs)
             Began as a Demonspawn Gladiator on Feb 5, 2022.
             Succumbed to a water moccasin's poison
             ... in a sewer.
             The game lasted 00:05:15 (3146 turns).

PoweredByGinger the Chopper (Demonspawn Gladiator)  Turns: 3146, Time: 00:05:16

Health: -2/38      AC:  7    Str: 15 (16) XL:     5   Next: 19%
Magic:  5/5        EV: 10    Int:  9 (10) God:
Gold:   60         SH:  0    Dex: 12 (14) Spells: 4/4 levels left

rFire   . . .      SeeInvis .   a - +0 war axe
rCold   . . .      Faith    .   (no shield)
rNeg    . . .      Spirit   .   h - +0 scale mail
rPois   .          Reflect  .   c - +0 helmet
rElec   .          Harm     .   (no cloak)
rCorr   .          Rampage  .   (no gloves)
Will    .....                   (no boots)
Stlth   ..........              (no amulet)
HPRegen 0.12/turn               (no ring)
MPRegen 0.09/turn               (no ring)

@: mighty, lethally poisoned (-2 -> -16), flying
A: demonic guardian 1, ignite blood 1, sturdy frame 1
a: no special abilities


You were in a sewer.
You visited 1 branch of the dungeon, and saw 3 of its levels.
You also visited: Sewer.

You collected 60 gold pieces.

Inventory:

Hand Weapons
 a - a +0 war axe (weapon)
 m - a +0 trident of flaming
Armour
 b - a +0 leather armour
 c - a +0 helmet (worn)
 h - a +0 scale mail (worn)
Jewellery
 g - a ring of wizardry
Scrolls
 f - 5 scrolls of identify {unknown}
 l - a scroll of fog {unknown}


   Skills:
 + Level 2.1 Fighting
 * Level 5.3 Axes
 - Level 1.7 Throwing
 - Level 2.6 Dodging


You had 4 spell levels left.
You didn't know any spells.
Your spell library was empty.

Dungeon Overview and Level Annotations

Branches:
Dungeon (3/15)              Sewer (1/1)

Altars:

Annotations:
D:2 Sigmund


Innate Abilities, Weirdness & Mutations

A weak demonic guardian rushes to your aid.
Your demonic aura sometimes causes spilled blood to erupt in flames.
Your movements are slightly less encumbered by armour. (ER -2)


Message History

Press: ? - help, Q - select action Shift-Dir - straight line, f/p - water moccasin
Aim: a water moccasin (40% to hit)
You throw a throwing net.
The throwing net barely misses the water moccasin.
You hear a splash.
You feel sick. The water moccasin bites you.
It was a potion of flight.
You feel very buoyant.
You fly up into the air.
You feel sick. The water moccasin bites you.
Unknown command.
It was a potion of might.
You feel very mighty all of a sudden.
You feel sick.
The water moccasin bites you but does no damage. x2
Unknown command.
You closely miss the water moccasin.
You feel sick. The water moccasin bites you.
* * * LOW HITPOINT WARNING * * *
You are lethally poisoned!
The water moccasin poisons you!
Unknown command.
Unknown command.
It was a potion of degeneration.
There was something very wrong with that liquid.
You feel weakened.
You feel dopey.
You feel clumsy.
* * * LOW HITPOINT WARNING * * *
You feel very sick.
The water moccasin barely misses you. x2
You aren't carrying any items that you can evoke.
Unknown command.
As you read the scroll labelled QYEKISK ZERAE, it crumbles to dust.
You feel aware of your surroundings.
It was a scroll of magic mapping.
* * * LOW HITPOINT WARNING * * *
You feel very sick. The water moccasin closely misses you.
Unknown command.
As you read the scroll labelled PUORUT EGGISE, it crumbles to dust.
The creatures around you are filled with an inner flame!
It was a scroll of immolation.
You die...

* # # # ######## ##
###......### **** .#
###.≈.≈.≈≈...###*,,*
.#
###..≈≈≈####≈@S.(#*≈,*
≈###...≈.###
###....≈#** †≈≈....≈##
*#.≈≈.≈.* .###.≈.≈.#**
***,≈≈≈.##* .#
###..≈≈.#***,,,,≈##.?*
.#
###..≈≈.,≈,,,*##*,$*
## *##....,,*** **** #
*####*** #


You could see a water moccasin (inner flame).

Vanquished Creatures
  Robin (D:2)
  5 gnolls
  An adder (D:1)
  2 river rats (D:3)
  A worm (D:3)
  A dart slug (D:1)
  2 endoplasms (D:1)
  2 giant cockroaches
  13 goblins
  8 hobgoblins (D:1)
  3 jackals (Sewer)
  4 quokkas
  4 ball pythons (D:1)
  4 bats
  2 frilled lizards (D:1)
  2 kobolds (D:1)
  3 rats
58 creatures vanquished.

Vanquished Creatures (collateral kills)
  A gnoll (D:2)
1 creature vanquished.

Grand Total: 59 creatures vanquished

Notes
Turn   | Place    | Note
-------+----------+-------------------------------------------
     0 | D:1      | PoweredByGinger the Demonspawn Gladiator began the quest
                  | for the Orb.
     0 | D:1      | Reached XP level 1. HP: 16/16 MP: 1/1
   219 | D:1      | Reached skill level 3 in Axes
   397 | D:1      | Gained mutation: Your movements are slightly less
                  | encumbered by armour. (ER -2) [demonic ancestry]
   397 | D:1      | Reached XP level 2. HP: 22/22 MP: 2/2
  1008 | D:1      | Found a faded altar of an unknown god.
  1024 | D:1      | Reached XP level 3. HP: 26/27 MP: 3/3
  1172 | D:1      | Reached skill level 4 in Axes
  1327 | D:2      | Noticed Robin
  1754 | D:2      | Killed Robin
  1755 | D:2      | Gained mutation: A weak demonic guardian rushes to your
                  | aid. [demonic ancestry]
  1755 | D:2      | Reached XP level 4. HP: 26/33 MP: 4/4
  2262 | D:2      | Reached skill level 5 in Axes
  2706 | D:2      | Noticed Sigmund
  2822 | D:3      | Gained mutation: Your demonic aura sometimes causes spilled
                  | blood to erupt in flames. [demonic ancestry]
  2822 | D:3      | Reached XP level 5. HP: 38/38 MP: 5/5
  3076 | D:3      | Found a glowing drain.
  3082 | Sewer    | Entered a sewer
  3133 | Sewer    | Noticed a water moccasin
  3145 | Sewer    | HP: 1/38 [poisoned by a water moccasin]
  3146 | Sewer    | Succumbed to a water moccasin's poison

Illustrated notes

Levels and vault maps discovered:
D:1:      wander_arrival_estate, layout_basic,
          shapermc_ecumenical_altar_notcrosses, grunt_decor_fettered,
          minmay_tromino_v4_c
D:2:      layout_basic, uniq_robin, uniq_sigmund
D:3:      layout_loops_cross, gup_sewer_entry_bubbles
Sewer:    sewer_the_moccasin

Skill      XL: |  1  2  3  4 |
---------------+-------------+-----
Axes           | 3 4 5 |  5.3
Fighting       | |  2.1
Throwing       | |  1.7
Dodging        | |  2.6

Action                   |  1- 3 |  4- 6 || total
-------------------------+-------+-------++-------
Melee: War axe           |    80 |    72 ||   152
       Punch             |     1 |       ||     1
Throw: Throwing net      |       |     3 ||     3
  Use: Potion            |       |     3 ||     3
       Scroll            |       |     2 ||     2
Armor: Leather armour    |    11 |       ||    11
       Scale mail        |    24 |    36 ||    60
Dodge: Dodged            |    56 |    58 ||   114
